 Dungeon Crawl Stone Soup version 0.28-a0-407-g69098e2f6d (webtiles) character file.

Game seed: 6413591282357671938

109 Demosthentine the Poker (level 4, -2/35 HPs)
             Began as a Merfolk Gladiator on Sept 6, 2021.
             Slain by an orc (7 damage)
             ... on level 3 of the Dungeon.
             The game lasted 00:02:01 (2969 turns).

Demosthentine the Poker (Merfolk Gladiator)         Turns: 2969, Time: 00:02:02

Health: -2/35      AC:  4    Str: 15    XL:     4   Next: 90%
Magic:  4/4        EV: 13    Int:  7    God:
Gold:   39         SH:  0    Dex: 15    Spells: 3/3 levels left

rFire   . . .      SeeInvis .   a - +0 trident (protect)
rCold   . . .      Faith    .   (no shield)
rNeg    . . .      Spirit   .   b - +0 leather armour
rPois   .          Reflect  .   c - +0 helmet
rElec   .          Harm     .   (no cloak)
rCorr   .          Rampage  .   (no gloves)
Will    .....                   (no boots)
Stlth   +.........              (no amulet)
HPRegen 0.11/turn               (no ring)
MPRegen 0.09/turn               (no ring)

@: no status effects
A: (nimble swimmer 2), mertail
a: no special abilities


You were on level 3 of the Dungeon.
You visited 1 branch of the dungeon, and saw 3 of its levels.

You collected 77 gold pieces.
You spent 38 gold pieces at shops.

Inventory:

Hand Weapons
 a - a +0 trident of protection (weapon)
Missiles
 d - 3 throwing nets (quivered)
Armour
 b - a +0 leather armour (worn)
 c - a +0 helmet (worn)
Scrolls
 j - a scroll of magic mapping
Potions
 e - 3 potions of curing
 f - 2 potions of magic
 g - a potion of lignification {unknown}
 h - a potion of berserk rage {unknown}


   Skills:
 + Level 3.3 Fighting
 + Level 5.4 Polearms
 - Level 2.0 Throwing
 + Level 1.3 Armour
 + Level 5.0 Dodging


You had 3 spell levels left.
You didn't know any spells.
Your spell library was empty.

Dungeon Overview and Level Annotations

Branches:
Dungeon (3/15)

Altars:
Trog
Wu Jian

Shops:
D:1 ?   D:2 *


Innate Abilities, Weirdness & Mutations

((You are quick and stealthy near water. (Stealth+, EV+, Speed+++)))
Your lower body shifts to a powerful aquatic tail in water.


Message History

Aim: an orc, wielding a +0 trident and wearing a +0 leather armour (heavily wounded, about 40% to evade your +0 trident of protection)
You reach to attack!
You barely miss the orc.
The orc is heavily wounded.
The orc hits you but does no damage.
Reach: a) +0 trident (protect)
Press: ? - help, Dir - move target, f/p - orc
Aim: an orc, wielding a +0 trident and wearing a +0 leather armour (heavily wounded, about 40% to evade your +0 trident of protection)
You reach to attack!
You hit the orc.
The orc is severely wounded.
The orc hits you but does no damage.
Reach: a) +0 trident (protect)
Press: ? - help, Dir - move target, f/p - orc
Aim: an orc, wielding a +0 trident and wearing a +0 leather armour (severely wounded, about 40% to evade your +0 trident of protection)
You reach to attack!
You closely miss the orc.
The orc is severely wounded.
The orc hits you from afar with a +0 trident.
* * * LOW HITPOINT WARNING * * *
Unknown command.
Unknown command.
Reach: a) +0 trident (protect)
Press: ? - help, Dir - move target, f/p - orc
Aim: an orc, wielding a +0 trident and wearing a +0 leather armour (severely wounded, about 40% to evade your +0 trident of protection)
You reach to attack!
You completely miss the orc.
The orc is severely wounded.
The orc barely misses you.
Unknown command.
Reach: a) +0 trident (protect)
Press: ? - help, Dir - move target, f/p - orc
Aim: an orc, wielding a +0 trident and wearing a +0 leather armour (severely wounded, about 40% to evade your +0 trident of protection)
You reach to attack!
You closely miss the orc.
The orc is severely wounded.
The orc hits you from afar with a +0 trident.
* * * LOW HITPOINT WARNING * * *
Reach: a) +0 trident (protect)
Press: ? - help, Dir - move target, f/p - orc
Aim: an orc, wielding a +0 trident and wearing a +0 leather armour (severely wounded, about 40% to evade your +0 trident of protection)
You reach to attack!
You completely miss the orc.
The orc is severely wounded.
The orc hits you from afar with a +0 trident!
You die...

#.###.#.##.# ##.#
#.##....##.# #.#
#.##..#.##.### #.#
####............#######.#
..#####.......#.........#
#.#####......#...########
####.........##...#.#
......#####..####...#
.........##.oro)@..##
.?....##.##.########
.........)..#
#.######.#### . #..≈#
#.≈≈# ##.≈# #.## ..#


You could see 2 orcs and a rat.

Vanquished Creatures
  4 adders (D:2)
  2 worms (D:2)
  2 dart slugs (D:1)
  2 orcs (D:3)
  4 endoplasms
  4 giant cockroaches
  6 goblins
  2 hobgoblins (D:2)
  6 jackals (D:1)
  A quokka (D:2)
  8 ball pythons
  5 bats
  5 frilled lizards
  3 kobolds
  7 rats
61 creatures vanquished.

Notes
Turn   | Place    | Note
-------+----------+-------------------------------------------
     0 | D:1      | Demosthentine the Merfolk Gladiator began the quest for the
                  | Orb.
     0 | D:1      | Reached XP level 1. HP: 16/16 MP: 1/1
     2 | D:1      | Noticed a ghoul
     2 | D:1      | Noticed a gargoyle
     4 | D:1      | Noticed a naga
     4 | D:1      | Noticed a tengu
     6 | D:1      | Noticed a vampire
     6 | D:1      | Noticed an elf
     8 | D:1      | Noticed a minotaur
     8 | D:1      | Noticed an octopode
    10 | D:1      | Noticed a merfolk
    12 | D:1      | Noticed a draconian
    12 | D:1      | Noticed a spriggan
    14 | D:1      | Noticed a troll
    14 | D:1      | Noticed an ogre
    16 | D:1      | Noticed a barachi
    18 | D:1      | Noticed a human
    18 | D:1      | Noticed a formicid
    20 | D:1      | Noticed a demonspawn
    22 | D:1      | Noticed a dwarf
    22 | D:1      | Noticed a demigod
    24 | D:1      | Noticed a felid
    24 | D:1      | Noticed a vine stalker
    26 | D:1      | Noticed a palentonga
    26 | D:1      | Noticed a djinni
   296 | D:1      | Reached XP level 2. HP: 21/23 MP: 2/2
   424 | D:1      | Found Kydutec's Magic Scroll Shoppe.
   582 | D:1      | Reached XP level 3. HP: 28/28 MP: 3/3
  1214 | D:2      | Reached skill level 5 in Polearms
  1366 | D:2      | Found an ornate altar of the Wu Jian Council.
  1377 | D:2      | Reached skill level 1 in Armour
  1580 | D:2      | Reached XP level 4. HP: 19/35 MP: 4/4
  2029 | D:2      | Found Hejiocwo's General Store.
  2047 | D:2      | Bought a scroll of magic mapping for 38 gold pieces
  2263 | D:2      | Found a faded altar of an unknown god.
  2545 | D:2      | Reached skill level 5 in Dodging
  2839 | D:3      | Found a bloodstained altar of Trog.
  2969 | D:3      | Slain by an orc

Illustrated notes

Levels and vault maps discovered:
D:1:      kb_arrival_jail, layout_loops_corners, serial_shops, shop,
          minmay_shallow_snake_nest
D:2:      kennysheep_six_static_rooms, layout_loops_ring,
          shapermc_ecumenical_altar_mp_vishouse, serial_shops, shop,
          basic_altar, chequers_serial_rivers_micro_d, nrook_uturn
D:3:      layout_loops_cross, lemuel_round_altar,
          mainiacjoe_overflow_surrounded_room, chequers_serial_rivers_small_b

Skill      XL: |  1  2  3  4 |
---------------+-------------+-----
Polearms       | 5 |  5.4
Armour         | 1 |  1.3
Fighting       | 3 |  3.3
Dodging        | 5 |  5.0
Throwing       | |  2.0

Action                   |  1- 3 |  4- 6 || total
-------------------------+-------+-------++-------
Melee: Trident           |   111 |    83 ||   194
  Use: Scroll            |     2 |     3 ||     5
 Stab: Sleeping          |     2 |       ||     2
Armor: Leather armour    |    26 |    16 ||    42
Dodge: Dodged            |    59 |    60 ||   119

Table legend: (Time is in decaauts)
 A = Elapsed time spent in this place.
 B = Non-inter-level travel time spent in this place.
 C = Inter-level travel time spent in this place.
 D = Time resting spent in this place.
 E = Time spent auto-exploring this place.
 F = Levels seen in this place.
 G = Mean time per level.
                   A        B        C        D        E       F      G
               +--------+--------+--------+--------+--------+-----+--------+
         Total |   2977 |   2909 |     68 |      0 |   2486 |   3 |  992.3 |
       Dungeon |   2977 |   2909 |     68 |      0 |   2486 |   3 |  992.3 |
               +--------+--------+--------+--------+--------+-----+--------+

Top non-repeatable levels by time:
     D:2: 1527 daAuts
     D:1: 1189 daAuts
     D:3: 260 daAuts
